 Dungeon Crawl Stone Soup version 0.29-a0-1043-g569b05d6ff (webtiles) character file.

Game seed: 17257964451380907683

212 nickcage the Spear-Bearer (level 5, 0/38 HPs)
             Began as a Merfolk Gladiator on Aug 15, 2022.
             Slain by a lemure (6 damage)
             ... led by Pikel
             ... on level 4 of the Dungeon.
             The game lasted 00:08:18 (2554 turns).

nickcage the Spear-Bearer (Merfolk Gladiator)       Turns: 2554, Time: 00:08:19

Health: 0/38       AC: 16    Str: 17    XL:     5   Next: 90%
Magic:  5/5        EV:  8    Int:  7    God:
Gold:   134        SH:  0    Dex: 15    Spells: 4/4 levels left

rFire   . . .      SeeInvis .   a - +0 trident
rCold   . . .      Faith    .   (no shield)
rNeg    . . .      Spirit   .   q - +4 chain mail
rPois   .          Reflect  .   c - +0 helmet
rElec   .          Harm     .   (no cloak)
rCorr   .          Rampage  .   t - +2 pair of gloves
Will    .....                   (no boots)
Stlth   ..........              (no amulet)
HPRegen 0.12/turn               (no ring)
MPRegen 0.09/turn               (no ring)

@: no status effects
A: (nimble swimmer 2), mertail
a: no special abilities


You were on level 4 of the Dungeon.
You visited 1 branch of the dungeon, and saw 4 of its levels.

You collected 134 gold pieces.

Inventory:

Hand Weapons
 a - a +0 trident (weapon)
Missiles
 d - 3 throwing nets
 e - a javelin (quivered)
Armour
 b - a +0 leather armour
 c - a +0 helmet (worn)
 j - a +0 ring mail
 q - a +4 chain mail (worn)
 t - a +2 pair of gloves (worn)
Scrolls
 f - a scroll of vulnerability
 h - 3 scrolls of blinking
 i - 2 scrolls of fog
 m - a scroll of fear
 n - a scroll of magic mapping {unknown}
Potions
 g - 4 potions of curing {unknown}
 k - a potion of cancellation {unknown}
 l - 2 potions of ambrosia {unknown}
 r - a potion of might {unknown}
 s - a potion of degeneration {unknown}
 u - 2 potions of mutation {unknown}


   Skills:
 - Level 2.1 Fighting
 + Level 8.4 Polearms
 - Level 2.0 Throwing
 - Level 4.0 Dodging


You had 4 spell levels left.
You didn't know any spells.
Your spell library contained the following spells:

 Spells                   Type           Power      Damage    Failure   Level
 Freeze                   Ice            0%         1d3       100%        1
 Necrotise                Necr           0%         1d4       100%        1
 Frozen Ramparts          Ice            0%         1d1       100%        3
 Vampiric Draining        Necr           0%         2d6       100%        3
 Hailstorm                Conj/Ice       0%         3d3       100%        4
 Agony                    Necr           0%         N/A       100%        5


Dungeon Overview and Level Annotations

Branches:
Dungeon (4/15)
 Temple: D:4-7

Altars:
Ru
Yredelemnul

Annotations:
D:4 3 runed translucent doors, Eustachio; Pikel; PyroL's ghost, amateur DsFi


Innate Abilities, Weirdness & Mutations

((You are very nimble when in or above water. (Stealth+, EV+, Speed+++)))
Your lower body shifts to a powerful aquatic tail in water.


Message History

The orc priest casts a cantrip, but nothing happens.
The lemure hits you! Eustachio hits you but does no damage.
You hit the lemure.
The lemure is lightly wounded.
The lemure hits you but does no damage.
Eustachio hits you with a +2 rapier of protection.
Pikel barely misses you. The lemure hits you but does no damage.
The scorpion closely misses you. Pikel attacks as you move away!
Pikel hits you with a +1 whip of freezing.
Pikel freezes you. The scorpion attacks as you move away!
The scorpion stings you but does no damage.
The orc hits you but does no damage.
Eustachio gestures wildly while chanting.
Eustachio blinks!
Something hits you but does no damage. The orc hits you but does no damage.
The lemure hits you.
* * * LOW HITPOINT WARNING * * *
The scorpion stings you.
* * * LOW HITPOINT WARNING * * *
The lemure hits you but does no damage. The scorpion barely misses you.
The orc priest begins to cast a cantrip, but forgets the words!
The lemure barely misses you. The scorpion barely misses you.
The orc attacks as you move away! The orc barely misses you.
The scorpion stings you but does no damage.
An orc wizard appears from thin air!
Reactivating autopickup.
The lemure hits you.
* * * LOW HITPOINT WARNING * * *
The lemure attacks as you move away! The lemure hits you but does no damage.
The orc attacks as you move away! The orc hits you but does no damage.
The orc priest casts a cantrip, but nothing happens.
The orc attacks as you move away! The orc hits you but does no damage.
Eustachio mumbles some strange words.
Eustachio blinks!
The orc priest looks braver for a moment.
The lemure attacks as you move away! The lemure hits you but does no damage.
The lemure attacks as you move away! The lemure hits you.
You die...

.......^.....5+ZZ.$##
............sK#W....#
...(.......55o#.#.#.#
.....#+####{.o### # #
.$>..
####.########### ...
#o#.........#
#.#.........#
#5#.........#
#####@#.........#
#.............(.#
#...............#
#...............#
#...............#
#...............#
#..........######
#..........##
#####.......#


You could see Pikel, a lemure, an orc priest, an orc wizard and an orc.

Vanquished Creatures
  A bullfrog (D:4)
  A hound (D:4)
  4 adders
  2 worms
  4 dart slugs
  2 orcs
  6 endoplasms
  2 giant cockroaches
  2 goblins
  7 hobgoblins
  7 jackals
  A quokka (D:3)
  7 ball pythons
  5 bats
  8 frilled lizards
  4 kobolds
  6 rats
69 creatures vanquished.

Notes
Turn   | Place    | Note
-------+----------+-------------------------------------------
     0 | D:1      | nickcage the Merfolk Gladiator began the quest for the Orb.
     0 | D:1      | Reached XP level 1. HP: 16/16 MP: 1/1
   259 | D:1      | Reached XP level 2. HP: 22/22 MP: 2/2
   358 | D:1      | Reached skill level 5 in Polearms
   704 | D:1      | Reached XP level 3. HP: 27/27 MP: 3/3
   946 | D:2      | Found a faded altar of an unknown god.
  1172 | D:2      | Reached skill level 6 in Polearms
  1348 | D:3      | Reached XP level 4. HP: 24/33 MP: 4/4
  1660 | D:3      | Reached skill level 7 in Polearms
  1663 | D:3      | Found a basalt altar of Yredelemnul.
  2147 | D:3      | Found a sacrificial altar of Ru.
  2254 | D:4      | Noticed a bullfrog
  2260 | D:4      | Killed a bullfrog
  2261 | D:4      | Reached skill level 8 in Polearms
  2261 | D:4      | Reached XP level 5. HP: 31/38 MP: 5/5
  2525 | D:4      | Found a runed translucent gate.
  2525 | D:4      | Found a runed translucent gate.
  2525 | D:4      | Found a runed translucent gate.
  2525 | D:4      | Noticed PyroL's ghost (amateur DsFi)
  2528 | D:4      | Noticed a lemure
  2529 | D:4      | Noticed Pikel
  2529 | D:4      | Noticed a lemure
  2532 | D:4      | Noticed a lemure
  2532 | D:4      | Noticed Eustachio
  2538 | D:4      | Noticed a lemure
  2554 | D:4      | Slain by a lemure

Illustrated notes

Levels and vault maps discovered:
D:1:      lightli_arrival_isolated_outpost, layout_basic,
          minmay_misc_feat_ornament
D:2:      layout_rooms, ebering_ecumenical_altar_rust
D:3:      layout_basic, mainiacjoe_overflow_paths, overflow_temple_1_default,
          minmay_crystal_room
D:4:      layout_basic, gammafunk_ghost_necromancy, uniq_menkaure, uniq_pikel,
          uniq_eustachio

Skill      XL: |  1  2  3  4 |
---------------+-------------+-----
Polearms       | 5 6 8 |  8.4
Fighting       | |  2.1
Throwing       | |  2.0
Dodging        | |  4.0

Action                   |  1- 3 |  4- 6 || total
-------------------------+-------+-------++-------
Melee: Trident           |   105 |   104 ||   209
       Punch             |     1 |       ||     1
Throw: Javelin           |       |     2 ||     2
  Use: Scroll            |       |     9 ||     9
 Stab: Sleeping          |     3 |       ||     3
Armor: Leather armour    |     7 |       ||     7
       Ring mail         |    16 |       ||    16
       Chain mail        |    10 |    59 ||    69
Dodge: Dodged            |    27 |    38 ||    65

Table legend: (Time is in decaauts)
 A = Elapsed time spent in this place.
 B = Non-inter-level travel time spent in this place.
 C = Inter-level travel time spent in this place.
 D = Time resting spent in this place.
 E = Time spent auto-exploring this place.
 F = Levels seen in this place.
 G = Mean time per level.
                   A        B        C        D        E       F      G
               +--------+--------+--------+--------+--------+-----+--------+
         Total |   2529 |   2446 |     83 |    100 |   1863 |   4 |  632.2 |
       Dungeon |   2529 |   2446 |     83 |    100 |   1863 |   4 |  632.2 |
               +--------+--------+--------+--------+--------+-----+--------+

Top non-repeatable levels by time:
     D:3: 895 daAuts
     D:1: 770 daAuts
     D:2: 553 daAuts
     D:4: 309 daAuts
